Map: 2000 애트모스피어 - 래더

Players

ByuN

  • Race: Terran Terran

Zoun - Winner!

  • Race: Protoss Protoss
  • League: Master

Event: DreamHack SC2 Masters Last Chance 2022

VOD

Have the link to the VOD?

Description

Time

  • Played on: Dec. 15, 2021, 6:12 a.m.
  • Length: 9:53

All games in this series

Show
View Real Time Build Order
Export as new Build Order

ByuN Terran 

Build Orders:  

Get SALT Encoding   

  12  0:00  SCV  
  13  0:12  SCV  
  14  0:17  Supply Depot  
  14  0:24  SCV  
  15  0:38  SCV  
  15  0:39  Barracks  
  16  0:44  Refinery  
  16  0:51  SCV  
  16  0:54  Refinery  
  17  1:03  SCV  
  18  1:16  SCV  
  19  1:25  Reaper  
  19  1:28  Orbital Command  
  20  1:40  Factory  
  20  1:46  Supply Depot  
  20  1:53  SCV  
  21  1:58  Reaper  
  22  2:05  SCV  
  23  2:17  SCV  
  23  2:22  Command Center  
  24  2:28  Hellion  
  26  2:31  SCV  
  27  2:38  Starport  
  27  2:43  SCV  
  28  2:49  Supply Depot  
  28  2:51  Widow Mine  
  30  2:55  SCV  
  31  3:06  Barracks Reactor  
  31  3:11  SCV  
  31  3:12  Widow Mine  
  34  3:14  Medivac  
  36  3:23  SCV  
  37  3:33  Factory Tech Lab  
  37  3:34  Orbital Command  
  37  3:36  SCV  
  38  3:44  Barracks  
  38  3:47  Marine x2  
  40  3:48  SCV  
  41  3:57  Factory Tech Lab  
  41  3:59  Raven  
  41  4:00  SCV  
  41  4:01  SCV  
  44  4:05  Bunker  
  44  4:12  SCV, Marine x2  
  44  4:13  SCV  
  44  4:16  Supply Depot  
  48  4:18  Cyclone  
  51  4:24  SCV  
  51  4:25  SCV  
  51  4:29  Marine x2  
  49  4:33  Marine, Barracks  
  49  4:37  SCV x2  
  52  4:39  Supply Depot  
  52  4:42  Viking  
  54  4:48  Marine x2  
  54  4:49  SCV x2  
  58  5:01  SCV x2, Refinery  
  58  5:02  Engineering Bay  
  58  5:03  Factory Tech Lab  
  58  5:05  Marauder, Stimpack  
  62  5:07  Marine  
  62  5:08  Supply Depot  
  62  5:09  Marine  
  62  5:13  SCV x2  
  65  5:25  SCV, Marine  
  65  5:26  SCV  
  65  5:27  Marauder  
  70  5:30  Marine  
  70  5:31  Starport Reactor  
  68  5:36  Supply Depot  
  68  5:37  SCV  
  68  5:38  Refinery, SCV, Siege Tank  
  68  5:40  Combat Shield  
  73  5:45  Marine  
  73  5:47  Marauder  
  73  5:48  Marauder  
  78  5:50  Supply Depot  
  78  5:57  SCV x2, Marine  
  81  6:06  Marine  
  81  6:08  Terran Infantry Weapons Level 1  
  81  6:09  Marauder  
  81  6:10  Marauder, Supply Depot  
  86  6:15  Marine  
  86  6:16  Siege Tank  
  90  6:26  Supply Depot, Medivac  
  90  6:28  Command Center  
  92  6:36  Medivac  
  92  6:38  Marine  
  92  6:39  Marauder x2, Marine  
  98  6:45  SCV  
  98  6:46  Barracks  
  98  6:47  SCV, Barracks  
  97  6:57  SCV  
  97  6:59  SCV  
  95  7:06  Marine x2  
  95  7:07  Marauder x2  
  101  7:09  SCV  
  101  7:10  Siege Tank  
  101  7:11  SCV  
  101  7:14  Viking  
  108  7:21  SCV  
  109  7:23  SCV  
  110  7:33  Barracks Reactor  
  110  7:34  Barracks Tech Lab  
  110  7:36  Missile Turret  
  110  7:38  Supply Depot  
  110  7:42  Supply Depot  
  110  7:52  Marauder x2, SCV x2, Siege Tank, Viking x2, Marine x2  
  110  7:57  Orbital Command  
  125  8:05  SCV x2  
  127  8:12  Marauder  
  129  8:14  Marauder x2  
  129  8:16  Supply Depot  
  129  8:18  Marine x3  
  129  8:19  Marine  
  137  8:21  Supply Depot, SCV  
  137  8:30  Viking x2  
  137  8:33  SCV x2  
  141  8:37  SCV  
  141  8:39  Concussive Shells  
  142  8:45  Marauder x3  
  148  8:51  Marine x3  
  148  8:52  Marine  
  148  8:53  Siege Tank  
  154  8:56  Supply Depot  
  154  8:57  Supply Depot  
  154  9:07  Viking x2  
  158  9:11  Marauder x2  
  158  9:13  Marauder  
  158  9:15  Marine  
  165  9:18  Marine x3  
Show
View Real Time Build Order
Export as new Build Order

Zoun Protoss - Winner!

Build Orders: 1 Gate Expand, Phoenix Opening 

Get SALT Encoding   

  12  0:00  Probe  
  13  0:12  Probe  
  14  0:16  Pylon  
  14  0:24  Probe (Chrono Boost)  
  15  0:36  Gateway, Probe (Chrono Boost)  
  16  0:44  Probe (Chrono Boost)  
  16  0:45  Assimilator  
  17  0:50  Probe  
  18  1:03  Probe  
  19  1:15  Probe  
  20  1:23  Cybernetics Core  
  22  1:39  Nexus  
  22  1:47  Pylon  
  22  1:53  Probe  
  23  1:57  Stalker (Chrono Boost)  
  23  1:59  Assimilator  
  23  2:05  Probe  
  24  2:17  Probe  
  25  2:27  Adept  
  28  2:30  Probe  
  28  2:36  Stargate  
  28  2:42  Probe (Chrono Boost)  
  29  2:44  Warp Gate  
  29  2:51  Probe (Chrono Boost)  
  30  2:55  Probe (Chrono Boost)  
  30  2:57  Adept  
  33  3:00  Probe (Chrono Boost), Pylon  
  33  3:01  Probe (Chrono Boost)  
  33  3:05  Probe (Chrono Boost)  
  35  3:09  Probe  
  37  3:17  Probe  
  37  3:19  Phoenix (Chrono Boost)  
  38  3:21  Probe  
  41  3:28  Gateway  
  41  3:29  Probe  
  41  3:33  Probe  
  43  3:35  Phoenix (Chrono Boost)  
  45  3:41  Probe  
  45  3:45  Probe  
  47  4:01  Phoenix (Chrono Boost)  
  47  4:02  Nexus  
  49  4:05  Pylon  
  49  4:06  Shield Battery  
  49  4:07  Probe  
  49  4:08  Probe  
  51  4:19  Probe  
  51  4:25  Probe  
  51  4:30  Robotics Facility  
  51  4:31  Probe  
  53  4:32  Assimilator  
  53  4:35  Assimilator  
  53  4:41  Adept x2  
  53  4:43  Pylon  
  57  4:51  Probe x2  
  59  4:57  Shield Battery  
  59  4:59  Phoenix  
  61  5:02  Zealot, Sentry  
  61  5:05  Probe x2  
  67  5:10  Pylon  
  67  5:18  Observer (Chrono Boost)  
  67  5:19  Robotics Bay, Probe  
  69  5:32  Probe  
  69  5:33  Phoenix  
  69  5:34  Probe  
  69  5:35  Probe  
  74  5:36  Immortal (Chrono Boost)  
  74  5:42  Gateway  
  78  5:46  Gateway  
  78  5:48  Probe x2  
  80  5:52  Probe  
  81  6:00  Probe x2  
  81  6:01  Stalker  
  84  6:04  Stalker, Probe  
  84  6:07  Observer  
  86  6:16  Pylon  
  89  6:21  Colossus (Chrono Boost)  
  89  6:24  Pylon  
  89  6:25  Probe  
  93  6:28  Pylon  
  93  6:29  Shield Battery  
  93  6:37  Extended Thermal Lance  
  93  6:38  Twilight Council, Observer  
  93  6:39  Probe, Forge  
  95  6:40  Probe x2  
  96  6:47  Assimilator  
  96  6:48  Assimilator  
  96  6:52  Probe x2  
  98  6:58  Colossus (Chrono Boost)  
  98  7:02  Probe  
  98  7:04  Probe x2  
  98  7:05  Protoss Ground Weapons Level 1  
  98  7:06  Gateway  
  98  7:07  Gateway  
  107  7:10  Charge (Chrono Boost)  
  107  7:14  Probe  
  107  7:15  Phoenix  
  107  7:22  Zealot  
  111  7:23  Sentry  
  111  7:24  Zealot x2  
  111  7:28  Gateway  
  111  7:29  Gateway  
  117  7:38  Photon Cannon  
  117  7:40  Photon Cannon  
  117  7:44  Pylon  
  117  7:45  Pylon  
  117  7:46  Pylon  
  117  7:56  Pylon  
  117  7:58  Templar Archives  
  117  8:02  Phoenix, Probe x2, Pylon  
  117  8:05  Robotics Facility, Observer (Chrono Boost)  
  122  8:06  Zealot x3  
  122  8:10  Probe  
  129  8:14  Pylon  
  129  8:15  Forge  
  127  8:35  Zealot x5  
  127  8:36  Gateway  
  127  8:39  Warp Prism (Chrono Boost), Gateway  
  135  8:52  High Templar x2  
  135  8:54  Observer  
  139  8:58  Zealot x4, High Templar x2  
  139  9:00  Archon  
  139  9:01  Disruptor (Chrono Boost)  
  151  9:04  Archon, Disruptor (Chrono Boost)  
  151  9:09  Pylon  
  157  9:11  Pylon  
  157  9:21  Zealot, High Templar  
  157  9:22  Zealot, High Templar  
  165  9:29  Zealot x2, Archon  
  172  9:42  Zealot x3  
  172  9:43  Zealot  
  156  9:49  Zealot  
  156  9:50  Zealot x3  

Tags
 
Add a new tag
Caveats
  • Supply blocks, unpowered buildings, or Contaminate may cause inaccurate times.
  • Supply counts are checked every 10 seconds.